 Dungeon Crawl Stone Soup version 0.28.0 (webtiles) character file.

Game seed: 2638336251177534172

102447 diecastcamel the Severer (level 15, -11/121 (139) HPs)
             Began as a Minotaur Berserker on Feb 6, 2022.
             Was the Champion of Trog.
             Mangled by a pharaoh ant (16 damage)
             ... on level 1 of the Spider Nest on Feb 7, 2022.
             The game lasted 03:46:11 (32489 turns).

diecastcamel the Severer (Minotaur Berserker)      Turns: 32489, Time: 03:46:12

HP:   -11/121 (139) AC: 14    Str: 27    XL:     15   Next: 86%
MP:   14/14         EV: 15    Int:  6    God:    Trog [******]
Gold: 558           SH: 14    Dex: 10    Spells: 14/14 levels left

rFire   . . .      SeeInvis +   J - +6 broad axe (vorpal)
rCold   + + .      Faith    +   x - +2 kite shield
rNeg    . . .      Spirit   .   P - +1 plate armour {rC+}
rPois   +          Reflect  .   (helmet restricted)
rElec   .          Harm     .   A - +2 cloak {Stlth+}
rCorr   .          Rampage  .   G - +2 pair of gloves
Will    +....                   L - +0 pair of boots
Stlth   ..........              y - amulet "Wekkof" {Faith rPois Regen+}
HPRegen 1.10/turn               t - ring "Apa Fone" {rC+ SInv}
MPRegen 0.14/turn               R - +4 ring of evasion

@: corroded, heavily drained, invisible
A: horns 2, retaliatory headbutt
a: Renounce Religion, Berserk, Trog's Hand, Brothers in Arms


You were on level 1 of the Spider Nest.
You worshipped Trog.
Trog was exalted by your worship.
You visited 7 branches of the dungeon, and saw 26 of its levels.
You also visited: Ossuary.

You collected 2461 gold pieces.
You spent 1903 gold pieces at shops.

Inventory:

Hand Weapons
 i - the +7 hand axe "Vofog" {flame, Fly}
   (Trog gifted it to you on level 5 of the Lair of Beasts)

   It burns those it strikes, dealing additional fire damage.
   Big, fiery blades are also staple armaments of hydra-hunters.
   Fly:       It grants you flight.
 J - a +6 vorpal broad axe (weapon)
 Q - a +3 broad axe of flaming
Missiles
 l - 11 boomerangs
 m - 4 atropa-tipped darts
 n - 7 curare-tipped darts (quivered)
 D - 29 poisoned darts
 V - 4 datura-tipped darts
Armour
 x - a +2 kite shield (worn)
 A - a +2 cloak of stealth (worn)
 G - a +2 pair of gloves (worn)
 L - a +0 pair of boots (worn)
 P - a +1 plate armour of cold resistance (worn)
Jewellery
 d - a ring of fire
 j - a ring of willpower
 t - the ring "Apa Fone" (left hand) {rC+ SInv}
   (You found it in an ossuary)

   [ring of see invisible]

   rC:        It protects you from cold.
   SInv:      It lets you see invisible.
 y - the amulet "Wekkof" (around neck) {Faith rPois Regen+}
   (You bought it in a shop on level 3 of the Dungeon)

   [amulet of faith]

   It allows you to gain divine favour quickly.
   rPois:     It protects you from poison.
   Regen:     It increases your rate of health regeneration.
 C - an amulet of the acrobat
 K - an amulet of reflection
 R - a +4 ring of evasion (right hand)
 S - a ring of positive energy
Wands
 k - a wand of flame (10)
 s - a wand of paralysis (2)
 I - a wand of polymorph (3)
 M - a wand of digging (15)
 N - a wand of charming (12)
 O - a wand of acid (6)
Scrolls
 a - a scroll of holy word
 b - 5 scrolls of immolation
 p - 3 scrolls of teleportation
 r - 7 scrolls of identify
 u - 2 scrolls of fear
 w - 3 scrolls of fog
 z - a scroll of brand weapon
 E - a scroll of enchant armour
Potions
 c - 3 potions of berserk rage
 e - 2 potions of might
 f - 2 potions of cancellation
 g - 8 potions of curing
 h - 2 potions of invisibility
 o - 3 potions of resistance
 q - 4 potions of flight
 v - 2 potions of lignification
 B - 4 potions of mutation
 H - 2 potions of heal wounds
 U - 3 potions of haste
Miscellaneous
 T - a phantom mirror


   Skills:
 + Level 14.8 Fighting
 + Level 16.0 Axes
 + Level 14.5 Armour
 - Level 12.6 Dodging
 + Level 14.5 Shields
 - Level 10.0 Evocations


You had 14 spell levels left.
You didn't know any spells.
Your spell library was empty.

Dungeon Overview and Level Annotations

Branches:
Dungeon (13/15)            Temple (1/1) D:5            Lair (6/6) D:11
  Swamp (1/4) Lair:2       Spider (2/4) Lair:4        Slime (0/5) Lair:6
    Orc (2/2) D:12            Elf (1/3) Orc:2       Ossuary (visited)
 Vaults: D:13-14

Altars:
Ashenzari
Dithmenos
Elyvilon
Gozag
Kikubaaqudgha
Okawaru
Sif Muna
Trog
Uskayaw
Vehumet
Wu Jian
Xom
Beogh

Shops:
D:3 *   D:11 [   Orc:2 !=([

Annotations:
D:3 3 runed translucent doors, diecastcamel's ghost, amateur MiBe
D:8 1 runed translucent door, blackman's ghost, novice MiFi
Lair:1 exclusion: orange crystal statue
Lair:6 exclusion: oklob plant


Innate Abilities, Weirdness & Mutations

You have a pair of horns on your head.
You reflexively headbutt those who attack you in melee.


Message History

The entropy weaver gestures at you while chanting.
The entropic weave corrodes you!
A redback comes into view. x2
The jumping spider pounces on you but does no damage.
You block the jumping spider's attack.
The jumping spider completely misses you.
The jumping spider closely misses you. The pharaoh ant bites you!!
There is a stone staircase leading up, spattered with blood here.
The jumping spider pounces on you!
The jumping spider bites you but does no damage.
You block the pharaoh ant's attack.
The redback bites you but does no damage.
The wolf spider barely misses you. The wolf spider misses you.
You climb upwards.
There is a stone staircase leading down here.
You hit the pharaoh ant. You headbutt the pharaoh ant.
The pharaoh ant is severely damaged.
You hit the jumping spider but do no damage.
You barely miss the redback.
You block the jumping spider's attack. x2
The pharaoh ant bites you!!
* * * LOW HITPOINT WARNING * * *
You feel drained.
* * * LOW HITPOINT WARNING * * *
The redback closely misses you. You furiously retaliate!
You headbutt the redback, but do no damage.
The jumping spider barely misses you. You furiously retaliate!
You headbutt the jumping spider, but do no damage.
The jumping spider bites you.
* * * LOW HITPOINT WARNING * * *
The pharaoh ant bites you!
* * * LOW HITPOINT WARNING * * *
You fade into invisibility!
You block the redback's attack.
The jumping spider completely misses you.
You furiously retaliate!
You headbutt the jumping spider.
The jumping spider bites you but does no damage.
You block the pharaoh ant's attack. The redback completely misses you.
You furiously retaliate!
You headbutt the redback. The pharaoh ant bites you!
You die...

### ##.## ###
##...## ###.#
##.....### ....##
#.......^## .....#
##......s.# .....#
###...s>.# ....##
### ##..@B###
..#######.###...###
..#....##..#....#.#
........#.........#
........#........##
#............##...#
###
#.............#####
##.#
#..............#
#..##
#..............##
###...#


You could see a pharaoh ant, a jumping spider and a redback.

Vanquished Creatures
  Frances (Spider:2)
  An emperor scorpion (Spider:1)
  A ghost moth (Spider:1)
  An orc warlord (Orc:1)
  Nessos (D:12)
  An entropy weaver (Spider:1)
  2 ettins (Orc:1)
  2 boulder beetles
  2 catoblepae
  2 hydras
  2 centaur warriors (D:13)
  2 ogre magi (Orc:2)
  A radroach (Spider:1)
  6 death yaks
  3 two-headed ogres
  A deep troll shaman (Lair:6)
  2 orc high priests
  Urug (Lair:4)
  Nergalle (Orc:2)
  Sonja (D:10)
  4 skeletal warriors (D:10)
  3 pharaoh ants (Spider:1)
  3 orb spiders
  2 deep elf pyromancers
  2 orc knights
  A lindwurm (Lair:6)
  8 orc sorcerers
  An ugly thing (D:9)
  8 wolf spiders
  15 elephants
  4 cyclopes
  2 manticores
  2 black mambas
  Maurice (Orc:2)
  11 cane toads
  A gargoyle (D:11)
  5 torpor snails
  A komodo dragon (shapeshifter) (D:13)
  8 rime drakes
  A demonic crawler (Spider:1)
  3 unseen horrors
  4 kobold demonologists
  2 tengu conjurers (D:13)
  11 komodo dragons
  An efreet (D:13)
  3 polar bears
  A meliai (shapeshifter) (D:13)
  9 meliai
  A hornet (Lair:2)
  7 trolls
  12 dream sheep
  12 tarantellas
  5 slime creatures (D:13)
  22 blink frogs
  16 jumping spiders
  A shadow (D:10)
  17 wyverns
  7 culicivoras
  2 vampires
  44 yaks
  6 basilisks
  3 wraiths
  27 redbacks
  4 vampire mosquitoes (D:13)
  A steam dragon (D:6)
  Eustachio (D:4)
  Menkaure (D:7)
  6 wargs
  9 water moccasins
  3 hell hounds (Lair:5)
  4 black bears
  2 sky beasts
  19 orc warriors
  A hornet zombie (Ossuary)
  8 ogres
  2 necrophages
  19 wolves
  A phantom (D:4)
  6 centaurs
  4 kobold brigands
  Blork the orc (D:4)
  12 bullfrogs
  2 scorpions
  3 wyvern zombies (Ossuary)
  A gnoll sergeant (D:8)
  3 water moccasin zombies
  A wyvern skeleton (D:5)
  15 killer bees
  13 wights
  4 howler monkeys
  3 electric eels
  4 bullfrog zombies (Ossuary)
  10 centaur zombies
  Crazy Yiuf (D:4)
  3 hounds
  13 orc priests
  2 jellies
  A bullfrog skeleton (D:6)
  13 mummies (Ossuary)
  A centaur skeleton (D:6)
  3 iguanas
  26 orc wizards
  2 hell rats (Lair:5)
  2 killer bee zombies
  A hound skeleton (D:4)
  9 howler monkey zombies
  Robin (D:3)
  4 adders
  4 gnolls (D:8)
  A howler monkey skeleton (D:6)
  A shadow imp (D:2)
  An ufetubus (D:6)
  2 worms
  2 dart slugs
  68 orcs
  4 ball pythons
  3 endoplasms
  A giant cockroach (D:1)
  16 goblins
  6 hobgoblins
  5 jackals
  10 kobolds
  6 quokkas
  5 bats
  6 frilled lizards
  2 goblin zombies (D:4)
  9 rats
730 creatures vanquished.

Vanquished Creatures (others)
  An orc wizard (Orc:2)
  75 fungi
  115 plants
  7 withered plants (Ossuary)
198 creatures vanquished.

Grand Total: 928 creatures vanquished

Notes
Turn   | Place    | Note
-------+----------+-------------------------------------------
     0 | D:1      | diecastcamel the Minotaur Berserker began the quest for the
                  | Orb.
     0 | D:1      | Reached XP level 1. HP: 19/19 MP: 0/0
   330 | D:1      | Reached XP level 2. HP: 27/27 MP: 1/1
   541 | D:1      | Reached skill level 4 in Axes
  1025 | D:2      | Reached XP level 3. HP: 25/33 MP: 2/2
  1104 | D:2      | Found a faded altar of an unknown god.
  1184 | D:2      | Reached ** piety under Trog
  1722 | D:3      | Found Raibihiu's General Store.
  2141 | D:3      | Reached XP level 4. HP: 40/40 MP: 3/3
  2260 | D:3      | Bought a +0 chain mail for 54 gold pieces
  2274 | D:3      | Found a runed translucent gate.
  2275 | D:3      | Found a runed translucent gate.
  2275 | D:3      | Found a runed translucent gate.
  2279 | D:3      | Noticed diecastcamel's ghost (amateur MiBe)
  2287 | D:3      | Noticed an ogre
  2718 | D:3      | Found a white marble altar of Elyvilon.
  3063 | D:3      | Reached skill level 5 in Axes
  3175 | D:3      | Found a faded altar of an unknown god.
  3190 | D:3      | Reached XP level 5. HP: 40/47 MP: 4/4
  3527 | D:3      | Killed an ogre
  3619 | D:3      | Found a broken altar of Ashenzari.
  3651 | D:4      | Noticed Robin
  3667 | D:3      | Killed Robin
  3729 | D:3      | Reached XP level 6. HP: 53/55 MP: 5/5
  3782 | D:4      | Noticed Eustachio
  3782 | D:4      | Noticed Blork the orc
  3814 | D:4      | Killed Eustachio
  3815 | D:4      | Reached skill level 5 in Fighting
  3815 | D:4      | Reached skill level 6 in Axes
  3981 | D:4      | Killed Blork the orc
  4132 | D:4      | Found a sand-covered staircase.
  4146 | D:4      | Reached *** piety under Trog
  4155 | Ossuary  | Entered an ossuary
  4182 | Ossuary  | Reached XP level 7. HP: 35/61 MP: 6/6
  4348 | Ossuary  | Reached skill level 5 in Armour
  4456 | Ossuary  | Reached skill level 7 in Axes
  4480 | Ossuary  | Reached skill level 5 in Dodging
  4625 | Ossuary  | Reached XP level 8. HP: 71/71 MP: 7/7
  4860 | Ossuary  | Reached skill level 8 in Axes
  5158 | Ossuary  | Identified the ring "Apa Fone" {rC+ SInv}
  5496 | D:4      | Reached **** piety under Trog
  5614 | D:4      | Found Cuaf's Weapon Shop.
  6057 | D:4      | Found a runed translucent door.
  6058 | D:4      | Noticed Crazy Yiuf
  6311 | D:4      | Killed Crazy Yiuf
  6427 | D:5      | Entered Level 5 of the Dungeon
  6447 | D:5      | Found a staircase to the Ecumenical Temple.
  6640 | D:5      | Reached skill level 9 in Axes
  7296 | D:5      | Reached XP level 9. HP: 71/79 MP: 8/8
  7390 | D:5      | Identified the +1 robe "Goxtups" {Dex+4}
  7573 | Temple   | Entered the Ecumenical Temple
  7992 | D:6      | Reached skill level 10 in Axes
  8316 | D:6      | Found a bloodstained altar of Trog.
  8639 | D:7      | Reached skill level 1 in Evocations
  8746 | D:7      | Noticed Menkaure
  8755 | D:7      | Killed Menkaure
  8852 | D:7      | Noticed a komodo dragon
  8872 | D:7      | Killed a komodo dragon
  9933 | D:7      | Found a shimmering altar of Xom.
 10048 | D:8      | Reached XP level 10. HP: 66/84 MP: 9/9
 10325 | D:8      | Reached skill level 11 in Axes
 10817 | D:8      | Found an iron altar of Okawaru.
 10935 | D:8      | Found a runed translucent door.
 10935 | D:8      | Noticed blackman's ghost (novice MiFi)
 11359 | D:8      | Reached ***** piety under Trog
 11450 | D:8      | Found an opulent altar of Gozag.
 11507 | D:8      | You fall into a shaft and drop 1 floor!
 12169 | D:9      | Noticed a white ugly thing
 12311 | D:9      | Reached skill level 1 in Shields
 12311 | D:9      | Reached skill level 5 in Evocations
 12584 | D:10     | Entered Level 10 of the Dungeon
 12760 | D:10     | Reached skill level 5 in Shields
 12955 | D:10     | Noticed a skeletal warrior
 12955 | D:10     | Noticed a skeletal warrior
 12987 | D:10     | Killed a skeletal warrior
 12991 | D:10     | Killed a skeletal warrior
 13122 | D:10     | Noticed a skeletal warrior
 13122 | D:10     | Noticed a skeletal warrior
 13137 | D:10     | Killed a skeletal warrior
 13138 | D:10     | Reached XP level 11. HP: 95/95 MP: 10/10
 13149 | D:10     | Killed a skeletal warrior
 13460 | D:10     | Noticed Sonja
 13473 | D:10     | Killed Sonja
 13800 | D:10     | HP: 4/97 [vampire/vampiric draining (4)]
 14303 | D:10     | Found a shimmering blue altar of Sif Muna.
 14308 | D:10     | Found a shadowy altar of Dithmenos.
 14314 | D:10     | Found a hide-covered altar of Uskayaw.
 14317 | D:10     | Found a radiant altar of Vehumet.
 14336 | D:10     | Found an ornate altar of the Wu Jian Council.
 14552 | D:10     | Found an ancient bone altar of Kikubaaqudgha.
 14829 | D:11     | Noticed a deep elf pyromancer
 14838 | D:10     | Killed a deep elf pyromancer
 15529 | D:11     | Found a staircase to the Lair.
 16078 | D:11     | Noticed a boulder beetle
 16128 | D:11     | Reached skill level 10 in Fighting
 16870 | D:11     | Reached skill level 10 in Armour
 16949 | D:11     | Reached skill level 10 in Shields
 17203 | D:3      | Bought the amulet "Wekkof" {Faith rPois Regen+} for 614
                  | gold pieces
 17364 | D:11     | Found Vysmouth's Antique Armour Shoppe.
 17538 | D:9      | Killed a white ugly thing
 18521 | Lair:1   | Entered Level 1 of the Lair of Beasts
 18531 | Lair:1   | Reached XP level 12. HP: 107/107 MP: 11/11
 18776 | Lair:1   | Identified the +1 ring mail of Guesi {Drain +Blink Str+2
                  | Int+2}
 19678 | Lair:2   | Noticed a catoblepas
 19705 | Lair:2   | Killed a catoblepas
 19808 | Lair:2   | Reached skill level 12 in Axes
 19891 | Lair:2   | Reached skill level 10 in Dodging
 20026 | Lair:2   | Found a staircase to the Swamp.
 20037 | Swamp:1  | Entered Level 1 of the Swamp
 20169 | D:11     | Bought a glowing cloak for 165 gold pieces
 21423 | Lair:3   | Reached XP level 13. HP: 96/117 MP: 12/12
 21710 | Lair:3   | Received a gift from Trog
 22458 | Lair:4   | Noticed Urug
 22543 | Lair:4   | Killed Urug
 22592 | Lair:4   | Found a hole to the Spider Nest.
 22638 | Lair:4   | Reached skill level 13 in Axes
 23553 | Lair:5   | Received a gift from Trog
 24302 | D:12     | Noticed Nessos
 24314 | D:12     | Killed Nessos
 24389 | D:12     | Found an iron altar of Okawaru.
 24469 | D:12     | Found a staircase to the Orcish Mines.
 25092 | D:12     | Reached skill level 14 in Axes
 25092 | D:12     | Reached XP level 14. HP: 129/129 MP: 13/13
 25231 | Orc:1    | Entered Level 1 of the Orcish Mines
 25752 | Orc:1    | Noticed an orc warlord
 25984 | Orc:1    | Killed an orc warlord
 26298 | Orc:2    | Entered Level 2 of the Orcish Mines
 26416 | Orc:2    | Found a staircase to the Elven Halls.
 26425 | Elf:1    | Entered Level 1 of the Elven Halls
 26433 | Elf:1    | Received a gift from Trog
 26442 | Orc:2    | Noticed Maurice
 26471 | Orc:2    | Killed Maurice
 26850 | Orc:2    | Paralysed by an orc sorcerer for 4 turns
 27030 | Orc:2    | Found Tasiff's Distillery.
 27096 | Orc:2    | Found an ancient bone altar of Kikubaaqudgha.
 27099 | Orc:2    | Noticed Nergalle
 27124 | Orc:2    | Killed Nergalle
 27170 | Orc:2    | Found Ywukh's Antique Weapon Shoppe.
 27299 | Orc:2    | Received a gift from Trog
 27322 | Orc:2    | Found Kedo's Antique Armour Emporium.
 27322 | Orc:2    | Found Picafiw's Jewellery Shoppe.
 27366 | Orc:2    | Found a radiant altar of Vehumet.
 27908 | Orc:2    | Bought a glowing plate armour for 598 gold pieces
 27947 | Orc:2    | Bought a shiny kite shield for 172 gold pieces
 27976 | Orc:2    | Bought a ring of willpower for 300 gold pieces
 28322 | D:13     | Identified the +4 hand axe "Giumohal" {antimagic, rPois
                  | Will+}
 28467 | D:13     | Reached skill level 10 in Evocations
 29076 | Lair:6   | Entered Level 6 of the Lair of Beasts
 29180 | Lair:5   | Identified the +7 hand axe "Vofog" {flame, Fly} (Trog
                  | gifted it to you on level 5 of the Lair of Beasts)
 29180 | Lair:5   | Received a gift from Trog
 29726 | Lair:5   | Reached XP level 15. HP: 136/137 MP: 14/14
 29887 | Lair:6   | Reached ****** piety under Trog
 30515 | Lair:6   | Found a staircase to the Slime Pits.
 30607 | Spider:1 | Entered Level 1 of the Spider Nest
 30652 | Spider:1 | Received a gift from Trog
 30748 | Spider:1 | Noticed an emperor scorpion
 30760 | Spider:1 | Killed an emperor scorpion
 30952 | Spider:1 | Reached skill level 15 in Axes
 31703 | Spider:1 | Received a gift from Trog
 32209 | Spider:2 | Noticed Frances
 32227 | Spider:2 | Killed Frances
 32396 | Spider:2 | Reached skill level 16 in Axes
 32486 | Spider:1 | HP: 2/121 [pharaoh ant (17)]
 32489 | Spider:1 | Mangled by a pharaoh ant

Illustrated notes

Levels and vault maps discovered:
D:1:      saegor_arrival_simple_d, layout_loops_ring
D:2:      layout_rooms, hellmonk_ecumenical_altar_blasted
D:3:      layout_basic, mainiacjoe_overflow_24_doors,
          nicolae_overflow_ecumenical_swirl, gammafunk_ghost_necromancy,
          serial_shops, nicolae_shop_advertising_works
          [nicolae_subvault_shop_adworks]
D:4:      layout_basic, enter_ossuary_4, serial_shops, shop_statue, uniq_robin,
          uniq_crazy_yiuf_cottage, uniq_blork_the_orc, uniq_eustachio
D:5:      layout_basic, minmay_temple_entry_junction_2, serial_glass,
          glass_columns_b, glass_columns_c, feat_on_display, item_on_display_a,
          item_on_display_a, due_unseen_surprise, columned_hall_lemuel
D:6:      layout_basic, trog_three_pillars_becter
D:7:      layout_loops_ring, nicolae_overflow_hidden_temple, minmay_lizard_king,
          uniq_menkaure
D:8:      layout_rooms, mainiacjoe_overflow_boulevard, pf_just_have_faith,
          special_room [special_room_orc], hellmonk_ghost_big_iron,
          minmay_crystal_water
D:9:      nicolae_whirlpool, layout_irregular_city, minmay_misc_feat_x
D:10:     layout_loops_cross, lemuel_doored_altar,
          minmay_overflow_temple_star_hex, uniq_sonja
D:11:     layout_roguey, due_lair_maze_entry_diamond, serial_shops, shop,
          minmay_misc_feat_nine_boxes, minmay_checkerbox
D:12:     layout_basic, orc_0_dummy, okawaru_ov_weapons_minmay, uniq_nessos
D:13:     layout_irregular_city, gauntlet_entry_generic
Temple:   zaba_magenta_temple
Lair:1:   statuecave_lemuel, layout_layer_cave
Lair:2:   layout_cave_pods, swamp_mist
Lair:3:   layout_regular_city
Lair:4:   layout_misc_corridors, hellmonk_spider_entry_not_the_bees, uniq_urug
Lair:5:   layout_roguey [special_room_mythical_zoo], lemuel_fruit_tree
Lair:6:   grunt_lair_end_beastmaster, layout_big_grid,
          minmay_slime_entry_oklob_enclosed, serial_bayou_shore_a
Swamp:1:  layout_basic_swamp, evilmike_swamp_ruin_rubble_2, swamp_pool1
Spider:1: layout_spider_delve
Spider:2: layout_spider_delve, hangedman_spider_tarantella_strand, uniq_frances
Orc:1:    layout_caves, basic_altar
Orc:2:    kennysheep_orc_mage_school, layout_caves, bh_open_orc_temple,
          uniq_maurice
Elf:1:    layout_loops_cross, special_room [special_room_mythical_zoo],
          serial_shops, shop, grunt_ministairs_4, grunt_megastairs_3,
          minmay_shop_grove

Skill      XL: |  1  2  3  4  5  6  7  8  9 10 11 12 13 14 15 |
---------------+----------------------------------------------+-----
Axes           | 4 5 6 7 9 10 11 12 14 16 | 16.0
Fighting       | 4 5 6 7 8 10 11 13 14 | 14.8
Armour         | 3 4 5 6 8 10 11 12 13 14 | 14.5
Dodging        | 3 4 5 6 7 9 10 11 12 | 12.6
Evocations     | 2 5 10 | 10.0
Shields        | 8 10 11 12 13 14 | 14.5

Action                   |  1- 3 |  4- 6 |  7- 9 | 10-12 | 13-15 || total
-------------------------+-------+-------+-------+-------+-------++-------
Melee: Hand axe          |    80 |       |   184 |    41 |       ||   305
       Headbutt          |     7 |    16 |    79 |   112 |   271 ||   485
       War axe           |     5 |     1 |   164 |   591 |   723 ||  1484
       Short sword       |       |    79 |    41 |       |       ||   120
       Punch             |       |       |     5 |     3 |       ||     8
       Unarmed           |       |       |       |       |     3 ||     3
       Broad axe         |       |       |       |       |   488 ||   488
Throw: Dart              |       |     2 |     2 |     9 |    74 ||    87
       Boomerang         |       |     4 |     3 |       |     1 ||     8
       Stone             |       |       |       |       |     1 ||     1
Invok: Trog's Hand       |       |     1 |     3 |     3 |    12 ||    19
       Berserk           |       |     3 |     3 |     8 |     7 ||    21
       Brothers in Arms  |       |       |       |     2 |       ||     2
Evoke: Wand              |       |       |     2 |     7 |    15 ||    24
       Phantom mirror    |       |       |       |       |     1 ||     1
  Use: Scroll            |     8 |     4 |     9 |     8 |    13 ||    42
       Potion            |       |       |       |     4 |     3 ||     7
 Stab: Petrified         |       |       |       |       |     7 ||     7
       Distracted        |       |       |       |       |     2 ||     2
Armor: Leather armour    |    17 |       |       |       |       ||    17
       Chain mail        |       |    37 |    61 |       |       ||    98
       Scale mail        |       |     2 |       |       |       ||     2
       Plate armour      |       |       |   111 |   296 |   521 ||   928
       Skin              |       |       |       |       |     4 ||     4
Dodge: Dodged            |    50 |    39 |   130 |   237 |   500 ||   956
Block: Kite shield       |       |       |       |   247 |   777 ||  1024
